 Dungeon Crawl Stone Soup version 0.15.0-11-g6f4f891 (webtiles) character file.

221 Kejsarherre the Skirmisher (level 6, -2/53 HPs)
             Began as a Formicid Wanderer on Aug 30, 2014.
             Slain by a scorpion (3 damage)
             ... on Level 4 of the Dungeon.
             The game lasted 00:07:05 (3061 turns).

Kejsarherre the Skirmisher (Formicid Wanderer)      Turns: 3061, Time: 00:07:06

HP  -2/53        AC  9     Str 19      XL: 6   Next: 19%
MP   8/8         EV  7     Int 10      God:
Gold 198         SH  0     Dex 11      Spells:  0 memorised,  5 levels left

rFire  . . .     SeeInvis +     t - +1 hand axe
rCold  . . .     Clarity  .     p - +0 chain mail
rNeg   . . .     rCorr    .     (no shield)
rPois  .         rRot     .     (helmet unavailable)
rElec  .         Spirit   .     e - +0 cloak
SustAb .         Warding  .     (no gloves)
rMut   .         Stasis   +     (no boots)
Gourm  .                        r - amulet of faith
MR     .....                    (no ring)
                                (no ring)

@: lethally poisoned, not resistant to hostile enchantments, extremely
unstealthy
A: permanent stasis, dig shafts and tunnels, four strong arms, antennae 3
a: Dig, Shaft Self


You were on level 4 of the Dungeon.
You were very hungry.

You visited 1 branch of the dungeon, and saw 4 of its levels.

You collected 198 gold pieces.

Inventory:

Hand weapons
 a - a +2 spear
 t - a +1 hand axe (weapon)
Armour
 e - a +0 cloak (worn)
 p - a +0 chain mail (worn)
Comestibles
 d - 2 bread rations
 g - 7 fruits
 n - a meat ration
Scrolls
 f - a scroll of recharging
 i - 2 scrolls of random uselessness
 k - a scroll of remove curse
Jewellery
 r - an amulet of faith (around neck)
Potions
 c - a potion of restore abilities
 h - a potion of agility
 j - a potion of degeneration {unknown}
Books
 v - a book of the Earth

   Spells                             Type                      Level
   Leda's Liquefaction                Hexes/Earth                  4
   Bolt of Magma                      Conjuration/Fire/Earth       5
   Statue Form                        Transmutation/Earth          6
   Iron Shot                          Conjuration/Earth            6
   Shatter                            Earth                        9


   Skills:
 + Level 6.5 Fighting
 * Level 2.1(2.6) Axes
   Level 1.0(1.6) Maces & Flails
 - Level 2.0(2.4) Polearms
 - Level 1.5 Throwing
 - Level 1.1 Armour
 - Level 1.0 Dodging


You had 5 spell levels left.
You didn't know any spells.

Dungeon Overview and Level Annotations

Branches:
Dungeon (4/15)
 Temple: D:4-7

Altars:
Elyvilon
Fedhas
Nemelex Xobeh
Vehumet
Yredelemnul
Zin
The Shining One


Innate Abilities, Weirdness & Mutations

Your are under a permanent stasis effect.
You can dig through walls and to a lower floor.
Your four strong arms can wield two-handed weapons with a shield.
You have a pair of large antennae on your head (SInv).


Message History

The scorpion poisons you!
You closely miss the scorpion.
The scorpion is severely wounded.
You feel sick. The scorpion stings you.
* * * LOW HITPOINT WARNING * * *
You are more poisoned.
The scorpion poisons you!
You are too injured to fight recklessly!
You are too injured to fight recklessly!
You are too injured to fight recklessly!
You completely miss the scorpion.
The scorpion is severely wounded.
* * * LOW HITPOINT WARNING * * *
You feel sick. The scorpion stings you.
* * * LOW HITPOINT WARNING * * *
Your chain mail prevents you from hitting the scorpion.
The scorpion is severely wounded.
* * * LOW HITPOINT WARNING * * *
You feel sick. The scorpion stings you.
You die...

#.# #.#
#####.#####
#.........#
#.....<$..##.#
#............#
#.%........###
#.........##
#.>..@....#
#..)..s..$#
#.........#
#.....<...#
#.........#
###########


You could see a scorpion.

Vanquished Creatures
  Sigmund (D:3)
  Jessica (D:3)
  4 adders
  4 gnolls (D:3)
  2 worms (D:2)
  An orc (D:3)
  5 bats
  2 giant cockroaches
  6 hobgoblins
  3 quokkas
  A giant newt (D:3)
  10 goblins
  7 kobolds
  7 rats
54 creatures vanquished.

Notes
Turn   | Place    | Note
--------------------------------------------------------------
     0 | D:1      | Kejsarherre, the Formicid Wanderer, began the quest for the Orb.
     0 | D:1      | Reached XP level 1. HP: 18/18 MP: 1/1
   588 | D:1      | Reached XP level 2. HP: 22/25 MP: 3/3
   760 | D:1      | Reached skill level 4 in Fighting
   994 | D:2      | Found a sparkling altar of Nemelex Xobeh.
  1089 | D:2      | Reached XP level 3. HP: 17/31 MP: 4/4
  1226 | D:2      | Found a basalt altar of Yredelemnul.
  1226 | D:2      | Found a blossoming altar of Fedhas.
  1227 | D:2      | Found a radiant altar of Vehumet.
  1418 | D:2      | Reached skill level 5 in Fighting
  1418 | D:2      | Reached XP level 4. HP: 34/39 MP: 5/5
  1903 | D:2      | Reached skill level 1 in Axes
  2165 | D:3      | Reached XP level 5. HP: 11/45 MP: 7/7
  2468 | D:3      | Noticed Sigmund
  2621 | D:3      | Killed Sigmund
  2621 | D:3      | Reached skill level 6 in Fighting
  2621 | D:3      | Reached XP level 6. HP: 21/52 MP: 8/8
  2721 | D:3      | Found a glowing silver altar of Zin.
  2723 | D:3      | Found a glowing golden altar of the Shining One.
  2730 | D:3      | Found a white marble altar of Elyvilon.
  2856 | D:3      | Found a sparkling altar of Nemelex Xobeh.
  2997 | D:3      | Noticed Jessica
  3007 | D:3      | Killed Jessica
  3061 | D:4      | HP: 1/53 [poisoned by a scorpion]
  3061 | D:4      | Slain by a scorpion

Action                   |  1- 3 |  4- 6 || total
-------------------------+-------+-------++-------
Melee: Spear             |    66 |    31 ||    97
       Hand axe          |    12 |   138 ||   150
  Use: Potion            |       |     9 ||     9
       Scroll            |       |    10 ||    10
  Eat: Chunk             |     1 |     5 ||     6
